 Dungeon Crawl Stone Soup version 0.25-a0-420-g1cc7eeb0d1 (webtiles) character file.

Game seed: 10462775999412074756, levelgen mode: deterministic

347 ReteAZ the Digger (level 6, -7/36 HPs)
             Began as an Octopode Earth Elementalist on Jan 19, 2020.
             Blown up by Ijyb (29 damage)
             ... with a disintegration bolt
             ... on level 3 of the Dungeon.
             The game lasted 00:09:45 (2834 turns).

ReteAZ the Digger (Octopode Earth Elementalist)     Turns: 2834, Time: 00:09:46

Health: -7/36      AC:  1    Str: 14    XL:     6   Next: 59%
Magic:  0/10       EV: 15    Int: 17    God:
Gold:   140        SH:  0    Dex: 16    Spells: 10/11 levels left

rFire    . . .     SeeInvis +     - Unarmed
rCold    + . .     Gourm    .   (no shield)
rNeg     + . .     Faith    .   (helmet restricted)
rPois    +         Spirit   +   t - amulet "Tecita Qoff" {Spirit rC+ rN+}
rElec    .         Reflect  .   i - ring of see invisible
rCorr    .         Harm     .   a - +3 ring of dexterity
MR       .....                  r - ring of poison resistance
Stlth    +++.......             (no ring)
HPRegen  0.12/turn              (no ring)
MPRegen  0.12/turn              (no ring)
                                (no ring)
                                (no ring)

@: mighty
A: almost no armour, stealthy swim, amphibious, 8 rings, constrict 8, camouflage
1, gelatinous body 1
a: no special abilities


You were on level 3 of the Dungeon.
You were not hungry.

You visited 1 branch of the dungeon, and saw 3 of its levels.
You also visited: Sewer.

You collected 140 gold pieces.

Inventory:

Missiles
 b - 159 stones (quivered)
 e - 4 javelins
Jewellery
 a - a +3 ring of dexterity (right tentacle)
 i - a ring of see invisible (left tentacle)
 p - an uncursed ring of ice
 r - a ring of poison resistance (on tentacle)
 t - the amulet "Tecita Qoff" (around mantle) {Spirit rC+ rN+}
   (You found it in a sewer)

   [amulet of guardian spirit]

   It causes incoming damage to be split between your health and magic.
   It protects you from cold.
   It protects you from negative energy.
Wands
 l - a wand of digging (3)
Scrolls
 d - 3 scrolls of identify
 h - 3 scrolls of fog
 s - a scroll of enchant armour
Potions
 g - a potion of invisibility {unknown}
 j - a potion of might
 k - a potion of curing {unknown}
 m - a potion of mutation {unknown}
 o - a potion of degeneration {unknown}
 q - a potion of magic {unknown}
Comestibles
 c - 3 rations
 n - 10 chunks of flesh


   Skills:
 + Level 3.4 Dodging
 - Level 3.0 Stealth
 * Level 4.0 Unarmed Combat
 - Level 3.0 Spellcasting
   Level 1.0 Transmutations
 + Level 4.1 Earth Magic


You had 10 spell levels left.
You knew the following spells:

 Your Spells              Type           Power        Failure   Level  Hunger
a - Sandblast             Erth           ###...       3%          1    None

Your spell library contained the following spells:

 Spells                   Type           Power        Failure   Level  Hunger
 Passwall                 Tmut/Erth      ##......     9%          2    ##.....
 Stone Arrow              Conj/Erth      #.....       22%         3    ###....
 Confusing Touch          Hex            #.......     45%         3    ###....
 Gell's Gravitas          Tloc           #.........   45%         3    ###....
 Petrify                  Tmut/Erth      ##......     52%         4    ####...
 Lee's Rapid Deconstruct  Erth           ###.......   65%         5    ######.
 Yara's Violent Unravell  Hex/Tmut       #.........   98%         5    ######.
 Metabolic Englaciation   Hex/Ice        #.........   99%         5    ######.


Dungeon Overview and Level Annotations

Branches:
Dungeon (3/15)              Sewer (visited)

Altars:
Elyvilon
Hepliaklqana
Wu Jian

Annotations:
D:3 Ijyb


Innate Abilities, Weirdness & Mutations

You cannot wear most types of armour.
You are very stealthy in the water. (Stealth+)
You are amphibious.
You can wear up to eight rings at the same time.
You can use your tentacles to constrict eight enemies at once.
Your skin changes colour to match your surroundings (Stealth+).
Your rubbery body absorbs attacks. (AC +1, EV +1)


Message History

Ijyb zaps a wand.
You barely resist.
You see here a quokka corpse.
Casting: Sandblast (safe; 3% risk of failure)
Confirm with . or Enter, or press ? or * to list all spells.
You can't see any susceptible monsters within range! (Use Z to cast anyway.) Memorise Stone Arrow, consuming 3 spell levels and leaving 7?
Ijyb zaps a wand.
Your memorisation is interrupted.
You are blasted!
Ouch! That really hurt!
You feel much better.
It was a potion of might.
You feel very mighty all of a sudden.
Ijyb screams, "Me very upset!"
Ijyb zaps a wand.
You are blasted!
You tentacle-slap Ijyb but do no damage.
Your grab misses Ijyb.
Ijyb zaps a wand.
You are blasted!
You bludgeon Ijyb! You grab Ijyb.
Ijyb is heavily wounded.
You constrict Ijyb, but do no damage.
Ijyb zaps a wand.
You are blasted!
Ouch! That really hurt!
You die...

### #.# #.. #####
#.# #...# #####.#
#...# ##...#.#
####..†###.###..#
#.........#####.#
#.<..@.......##.##
#....g.(..##.#...##
##
####...###.#......#
#. #...####..(...##
#.
#...#........#####.
..
##.##.###..........
#. # ..## #
###..#####. #. #.
####.# #..## #. #.
#.#####.#####...##
##


You could see Ijyb.

Vanquished Creatures
  2 bullfrogs (Sewer)
  4 gnolls (D:2)
  6 adders
  4 river rats (D:3)
  4 worms (D:3)
  2 dart slugs
  5 leopard geckos
  4 orcs
  3 ball pythons (Sewer)
  6 bats
  10 giant cockroaches
  4 goblins
  3 hobgoblins
  6 kobolds
  2 quokkas (D:3)
  8 frilled lizards
  8 rats
81 creatures vanquished.

Notes
Turn   | Place    | Note
-------+----------+-------------------------------------------
     0 | D:1      | ReteAZ the Octopode Earth Elementalist began the quest for
                  | the Orb.
     0 | D:1      | Reached XP level 1. HP: 11/11 MP: 3/3
   124 | D:1      | Reached XP level 2. HP: 17/17 MP: 0/5
   255 | D:1      | Reached skill level 1 in Unarmed Combat
   410 | D:1      | Reached XP level 3. HP: 15/21 MP: 6/6
   663 | D:2      | Found a white marble altar of Elyvilon.
   792 | D:2      | Found an ornate altar of the Wu Jian Council.
   793 | D:2      | Found a hazy altar of Hepliaklqana.
  1252 | D:2      | Reached XP level 4. HP: 16/27 MP: 1/7
  1974 | D:3      | Reached XP level 5. HP: 20/31 MP: 6/9
  2267 | D:3      | Found a glowing drain.
  2274 | Sewer    | Entered a sewer
  2634 | Sewer    | Reached XP level 6. HP: 36/36 MP: 8/10
  2681 | Sewer    | Got a sparkling amethyst amulet
  2686 | Sewer    | Identified the amulet "Tecita Qoff" {Spirit rC+ rN+} (You
                  | found it in a sewer)
  2825 | D:3      | Noticed Ijyb
  2834 | D:3      | Blown up by Ijyb

Levels and vault maps discovered:
D:1:      wheals_arrival_shading, layout_loops_cross
D:2:      layout_loops_corners, nicolae_overflow_hidden_temple
D:3:      layout_loops_corners, nicolae_overflow_crystal_walls,
          lightli_sewer_entry_pipes, first_ration, uniq_ijyb

Skill      XL: |  1  2  3  4  5  6 |
---------------+-------------------+-----
Stealth        | 3 |  3.0
Unarmed Combat | 1 2 3 4 |  4.0
Dodging        | 3 |  3.4
Spellcasting   | 3 |  3.0
Earth Magic    | 4 |  4.1
Transmutations | |  1.0

Action                   |  1- 3 |  4- 6 || total
-------------------------+-------+-------++-------
Melee: Unarmed           |    65 |    82 ||   147
       Constrict         |    17 |    24 ||    41
       Tentacles         |    12 |    14 ||    26
       Punch             |       |     3 ||     3
Throw: Stone             |       |     1 ||     1
 Cast: Sandblast         |    14 |    57 ||    71
  Use: Scroll            |       |     5 ||     5
       Potion            |       |     3 ||     3
 Stab: Sleeping          |    12 |     2 ||    14
       Distracted        |       |     1 ||     1
  Eat: Chunk             |     1 |     5 ||     6
Armor: Skin              |    11 |     7 ||    18
Dodge: Dodged            |    39 |    56 ||    95

Table legend:
 A = Non-vault XP
 B = Vault XP
 C = Vault XP percentage of total XP
 D = Non-vault monster count
 E = Vault monster count
 F = Vault count percentage of total count
                 A         B        C        D         E       F
            +---------+---------+-------+---------+---------+-------
      Total |     198 |     298 |  60.1 |      53 |      28 |  34.6
            +---------+---------+-------+---------+---------+-------
        D:1 |      37 |       0 |   0.0 |      22 |       0 |   0.0
        D:2 |      89 |       0 |   0.0 |      16 |       0 |   0.0
        D:3 |      72 |      80 |  52.6 |      15 |       8 |  34.8
      Sewer |       0 |     218 | 100.0 |       0 |      20 | 100.0
            +---------+---------+-------+---------+---------+-------
